 Dungeon Crawl Stone Soup version 0.27-a0-988-g25969acef8 (webtiles) character file.

Game seed: 9192648357838016969

3566 HendSelp the Quickloader (level 10, -6/68 HPs)
             Began as a Kobold Hunter on Apr 15, 2021.
             Was a Believer of Makhleb.
             Mangled by a gnoll sergeant
             ... wielding a +0 glaive
              (16 damage)
             ... in a bailey.
             The game lasted 00:11:15 (7178 turns).

HendSelp the Quickloader (Kobold Hunter)            Turns: 7178, Time: 00:11:16

Health: -6/68      AC: 10    Str: 15    XL:     10   Next: 30%
Magic:  10/10      EV: 14    Int: 12    God:    Makhleb [**....]
Gold:   393        SH:  9    Dex: 20    Spells: 9/9 levels left

rFire    . . .     SeeInvis .   a - +5 hand crossbow
rCold    + . .     Faith    .   o - +2 buckler
rNeg     . . .     Spirit   .   b - +0 ring mail
rPois    .         Reflect  .   (helmet restricted)
rElec    .         Harm     .   q - +2 cloak
rCorr    .         Rampage  .   f - +0 pair of gloves
Will     ++...                  h - +0 pair of boots
Stlth    ++........             i - amulet "Kiycwink" {rC+ Will+ Regen+ Str+6}
HPRegen  1.21/turn              p - ring of willpower
MPRegen  0.12/turn              (no ring)

@: no status effects
A: small, no large weapons, nightstalker 3, horns 1, mutation resistance 1
a: Renounce Religion, Minor Destruction


You were in a bailey.
You worshipped Makhleb.
Makhleb was pleased with you.
You visited 1 branch of the dungeon, and saw 8 of its levels.
You also visited: Bailey.

You collected 393 gold pieces.

Inventory:

Hand Weapons
 a - a +5 hand crossbow (weapon)
Missiles
 d - 65 bolts (quivered ammo)
Armour
 b - a +0 ring mail (worn)
 f - a +0 pair of gloves (worn)
 h - a +0 pair of boots (worn)
 o - a +2 buckler (worn)
 q - a +2 cloak (worn)
Jewellery
 i - the amulet "Kiycwink" (around neck) {rC+ Will+ Regen+ Str+6}
   (You acquired it on level 3 of the Dungeon)

   [amulet of regeneration]

   It affects your strength (+6).
   It protects you from cold.
   It increases your rate of health regeneration.
   It increases your willpower.
 p - a ring of willpower (left hand)
Wands
 j - a wand of polymorph (6)
 t - a wand of iceblast (3)
Scrolls
 c - a scroll of amnesia
 e - a scroll of identify
 k - 5 scrolls of teleportation
Potions
 l - 2 potions of flight
 m - a potion of curing
 n - a potion of magic
 r - a potion of might


   Skills:
 - Level 10.0 Fighting
 - Level 10.2 Crossbows
 + Level 2.1 Armour
 - Level 2.4 Dodging
 - Level 1.3 Stealth
 - Level 6.0 Shields


You had 9 spell levels left.
You didn't know any spells.
Your spell library contained the following spells:

 Spells                   Type           Power      Damage    Failure   Level
 Animate Skeleton         Necr           0%         N/A       54%         1
 Magic Dart               Conj           0%         1d3       54%         1
 Pain                     Necr           0%         1d4       54%         1
 Searing Ray              Conj           0%         3d3       67%         2
 Dazzling Flash           Conj/Hex       0%         N/A       88%         3
 Vampiric Draining        Necr           0%         2d6       88%         3
 Animate Dead             Necr           0%         N/A       99%         4
 Fulminant Prism          Conj/Hex       0%         3d6       99%         4
 Iskenderun's Mystic Bla  Conj/Tloc      0%         2d3       99%         4
 Agony                    Necr           0%         N/A       100%        5


Dungeon Overview and Level Annotations

Branches:
Dungeon (8/15)             Temple (0/1) D:7          Bailey (1/1)
   Lair: D:8-11

Altars:
Cheibriados
Fedhas
Kikubaaqudgha
Makhleb
Nemelex Xobeh
Vehumet

Shops:
D:7 (   D:8 *

Annotations:
D:5 Orlauf's ghost, novice DsGl; robertstho's ghost, novice DEFE


Innate Abilities, Weirdness & Mutations

You are small and have problems with some larger weapons.
You are completely attuned to the shadows.
You have a pair of small horns on your head.
You are somewhat resistant to further mutation.


Message History

The gnoll sergeant completely misses you.
You block the gnoll shaman's attack.
Unknown command.
Unknown command.
Aiming: Iceblast
Press: ? - help, Shift-Dir - straight line, f/p - gnoll sergeant
Aim: a gnoll sergeant, wielding a +4 glaive and wearing a +0 crystal plate armour (almost dead)
The mass of ice explodes!
The iceblast engulfs the gnoll.
The gnoll is lightly wounded.
The iceblast engulfs the gnoll sergeant but does no damage.
The gnoll sergeant is almost dead.
The iceblast engulfs the gnoll sergeant.
The gnoll sergeant is severely wounded.
The iceblast engulfs the gnoll shaman.
The gnoll shaman is moderately wounded.
You block the gnoll's attack.
The gnoll sergeant hits you from afar with a +0 glaive!
* * * LOW HITPOINT WARNING * * *
Unknown command.
You feel better. You block the gnoll's attack.
The gnoll sergeant hits you from afar with a +0 glaive!
* * * LOW HITPOINT WARNING * * *
You feel better.
The gnoll hits you from afar with a +0 spear.
* * * LOW HITPOINT WARNING * * *
The gnoll sergeant misses you. x2
Aiming: Iceblast
Press: ? - help, Shift-Dir - straight line, f/p - gnoll sergeant
Aim: a gnoll sergeant, wielding a +4 glaive and wearing a +0 crystal plate armour (almost dead)
The mass of ice explodes!
The iceblast engulfs the gnoll sergeant!
You kill the gnoll sergeant!
Makhleb accepts your kill.
The iceblast engulfs the gnoll!
You kill the gnoll!
Makhleb accepts your kill.
The iceblast engulfs the gnoll shaman.
The gnoll shaman is heavily wounded.
The gnoll sergeant hits you from afar with a +0 glaive!
You die...

♣♣≈≈...# ♣.≈..###
♣♣.≈..# ♣♣..≈..#
♣...≈..# ### ♣...≈..#
#...
♣♣...≈..######....
#♣♣♣....)..'...#g.($.
#∩..∩...)..'..@()g)8.
#♣♣♣.......'...#)).$.
♣♣...≈..######.((.
♣♣..≈..# #.). ♣..≈..#
### ..≈..# ♣.≈..#
♣.≈..### ♣♣≈≈...#


You could see a gnoll sergeant and a gnoll shaman.

Vanquished Creatures
  Grinder (D:3)
  A meliai zombie (D:7)
  A steam dragon (D:7)
  A swamp worm (D:7)
  Menkaure (D:5)
  2 water moccasins
  An ice beast (D:6)
  4 necrophages
  2 black bears (D:6)
  4 ogres
  2 centaurs
  2 gnoll sergeants
  Blork the orc (D:5)
  5 scorpions
  A water moccasin skeleton (D:5)
  3 killer bees (D:7)
  5 wights
  2 bullfrog zombies
  A bullfrog skeleton (D:5)
  2 hounds (Bailey)
  3 jellies
  3 orc priests
  2 iguanas (D:6)
  2 orc wizards (D:5)
  12 gnolls
  2 adders (D:3)
  A shadow imp (D:7)
  2 white imps
  2 ufetubi
  A dart slug (D:2)
  21 orcs
  10 bats
  10 endoplasms
  A giant cockroach (D:1)
  11 goblins
  2 hobgoblins (D:1)
  4 jackals (D:1)
  8 kobolds
  5 quokkas
  4 ball pythons
  3 frilled lizards
  5 rats
156 creatures vanquished.

Notes
Turn   | Place    | Note
-------+----------+-------------------------------------------
     0 | D:1      | HendSelp the Kobold Hunter began the quest for the Orb.
     0 | D:1      | Reached XP level 1. HP: 12/12 MP: 1/1
    29 | D:1      | Reached skill level 5 in Crossbows
    41 | D:1      | Reached XP level 2. HP: 17/17 MP: 2/2
    98 | D:1      | Found a faded altar of an unknown god.
   115 | D:1      | Reached XP level 3. HP: 21/21 MP: 3/3
   905 | D:2      | Reached XP level 4. HP: 26/26 MP: 4/4
   907 | D:2      | Noticed a water moccasin
  1226 | D:2      | Killed a water moccasin
  1227 | D:2      | Reached XP level 5. HP: 10/30 MP: 5/5
  2327 | D:3      | Reached XP level 6. HP: 18/35 MP: 6/6
  2727 | D:3      | Found a snail-covered altar of Cheibriados.
  2727 | D:3      | Found a sparkling altar of Nemelex Xobeh.
  2846 | D:3      | Noticed Grinder
  2849 | D:3      | Paralysed by Grinder for 4 turns
  2857 | D:3      | Killed Grinder
  2858 | D:3      | Reached XP level 7. HP: 34/40 MP: 7/7
  3080 | D:3      | Identified a scroll of acquirement
  3080 | D:3      | Acquired the amulet "Kiycwink" {rC+ Will+ Regen+ Str+6}
  3350 | D:4      | Found a burning altar of Makhleb.
  3448 | D:4      | Reached skill level 10 in Crossbows
  3602 | D:4      | Found a blossoming altar of Fedhas.
  4020 | D:4      | Became a worshipper of Makhleb the Destroyer
  4043 | D:5      | Entered Level 5 of the Dungeon
  4058 | D:5      | Gained mutation: You are somewhat resistant to further
                  | mutation. [potion of mutation]
  4058 | D:5      | Gained mutation: You have a pair of small horns on your
                  | head. [potion of mutation]
  4096 | D:5      | Reached XP level 8. HP: 48/48 MP: 8/8
  4281 | D:5      | Reached skill level 5 in Fighting
  4478 | D:5      | Noticed Blork the orc
  4486 | D:5      | Killed Blork the orc
  4509 | D:5      | Noticed Menkaure
  4513 | D:5      | Killed Menkaure
  4557 | D:5      | Reached * piety under Makhleb
  4603 | D:5      | Found an ancient bone altar of Kikubaaqudgha.
  4645 | D:5      | Found a runed translucent gate.
  4645 | D:5      | Found a runed translucent gate.
  4645 | D:5      | Found a runed translucent gate.
  4674 | D:5      | Reached XP level 9. HP: 59/59 MP: 9/9
  4955 | D:5      | Noticed robertstho's ghost (novice DEFE)
  4955 | D:5      | Noticed Orlauf's ghost (novice DsGl)
  5683 | D:6      | Reached skill level 10 in Fighting
  5707 | D:6      | Reached skill level 1 in Shields
  6073 | D:7      | Found a staircase to the Ecumenical Temple.
  6234 | D:7      | Found Nogema's Antique Weapon Shoppe.
  6235 | D:7      | Reached ** piety under Makhleb
  6353 | D:7      | Found a radiant altar of Vehumet.
  6433 | D:7      | Reached XP level 10. HP: 42/68 MP: 10/10
  6498 | D:7      | Reached skill level 5 in Shields
  6686 | D:7      | Noticed a two-headed ogre
  6688 | D:7      | Noticed an anaconda
  6688 | D:7      | a two-headed ogre changed into an anaconda
  6691 | D:7      | an anaconda changed into a swamp worm
  6915 | D:7      | Reached skill level 1 in Armour
  7018 | D:8      | Found Duhaq's Elemental Accessories.
  7046 | D:8      | Found a flagged portal.
  7067 | Bailey   | Entered a bailey
  7175 | Bailey   | HP: 3/68 [gnoll sergeant/+0 glaive (12)]
  7178 | Bailey   | Mangled by a gnoll sergeant

Illustrated notes

Levels and vault maps discovered:
D:1:      minmay_arrival_doors, layout_basic, hellmonk_ecumenical_altar_lost_god
D:2:      layout_loops_ring, minmay_misc_feat_ornament,
          kennysheep_generic_room_9
D:3:      layout_basic, gammafunk_temple_overflow_pools,
          kennysheep_generic_room_10, uniq_grinder
D:4:      layout_basic, fedhas_altar_1, lemuel_round_altar,
          chequers_serial_rivers_micro_c, grunt_ministairs_6
D:5:      layout_basic, kiku_gazebo_pond_becter, gammafunk_ghost_cemetery,
          uniq_menkaure, uniq_blork_the_orc
D:6:      minmay_bubble_buster, layout_basic
D:7:      layout_basic, nicolae_vehumet_radiance, temple_doors_e, serial_shops,
          nicolae_shop_window_shopping
D:8:      layout_gridville, nicolae_tso_carved_into_rock, lemuel_tele_altar,
          enter_bailey_3, serial_bayou_lagoon_a, nicolae_elemental_shop
Bailey:   bailey_polearm_gnolls_kennysheep, bailey

Skill      XL: |  1  2  3  4  5  6  7  8  9 10 |
---------------+-------------------------------+-----
Crossbows      | 5 6 7 8 9 10 | 10.2
Fighting       | 3 8 10 | 10.0
Shields        | 4 6 |  6.0
Armour         | 2 |  2.1
Dodging        | |  2.4
Stealth        | |  1.3

Action                   |  1- 3 |  4- 6 |  7- 9 | 10-12 || total
-------------------------+-------+-------+-------+-------++-------
 Fire: Hand crossbow     |    69 |    69 |   260 |    62 ||   460
Evoke: Wand              |       |       |       |     8 ||     8
  Use: Scroll            |     3 |     2 |    18 |     2 ||    25
       Potion            |       |     5 |     1 |     5 ||    11
Armor: Leather armour    |     5 |     3 |    27 |     1 ||    36
       Ring mail         |       |       |       |     5 ||     5
Dodge: Dodged            |    10 |    36 |    99 |    32 ||   177
Block: Buckler           |       |       |       |    24 ||    24

Table legend: (Time is in decaauts)
 A = Elapsed time spent in this place.
 B = Non-inter-level travel time spent in this place.
 C = Inter-level travel time spent in this place.
 D = Time resting spent in this place.
 E = Time spent auto-exploring this place.
 F = Levels seen in this place.
 G = Mean time per level.
                   A        B        C        D        E       F      G
               +--------+--------+--------+--------+--------+-----+--------+
         Total |   7185 |   6801 |    384 |    251 |   5469 |   9 |  798.3 |
       Dungeon |   7075 |   6691 |    384 |    251 |   5461 |   8 |  884.4 |
        Bailey |    110 |    110 |      0 |      0 |      8 |   1 |  110.0 |
               +--------+--------+--------+--------+--------+-----+--------+

Top non-repeatable levels by time:
     D:2: 1225 daAuts
     D:3: 1189 daAuts
     D:6: 1040 daAuts
     D:5: 981 daAuts
     D:7: 951 daAuts
     D:4: 875 daAuts
     D:1: 760 daAuts
  Bailey: 110 daAuts
     D:8: 51 daAuts
